 Dungeon Crawl Stone Soup version 0.19.1-1-g22dce08 (webtiles) character file.

170 Slime the Changer (level 5, 0/40 HPs)
             Began as a Draconian Transmuter on Jan 1, 2017.
             Slain by an orc (3 damage)
             ... on level 4 of the Dungeon.
             The game lasted 00:07:24 (1950 turns).

Slime the Changer (Draconian Transmuter)            Turns: 1950, Time: 00:07:25

Health: 0/40       AC:  5    Str: 13      XL:     5   Next: 25%
Magic:  1/8        EV: 13    Int: 12 (14) God:
Gold:   111        SH:  0    Dex: 13      Spells: 3 memorised, 2 levels left

rFire  x . .     SeeInvis .       - Unarmed
rCold  + . .     Gourm    .     (armour unavailable)
rNeg   . . .     Faith    .     (no shield)
rPois  .         Spirit   .     (helmet restricted)
rElec  .         Reflect  .     (no cloak)
rCorr  .         Harm     .     (no gloves)
MR     +....                    (no boots)
Stlth  +.........               (no amulet)
                                (no ring)
                                e - ring of ice

@: appendage (expiring), very slightly contaminated
A: unfitting armour, horns 2, agile 1, blurry vision 1, magic resistance 1,
cold-blooded, AC +5
a: End Transformation


You were on level 4 of the Dungeon.
You were hungry.
You had grown temporary horns.
You visited 1 branch of the dungeon, and saw 4 of its levels.

You collected 111 gold pieces.

Inventory:

Missiles
 a - 6 arrows (quivered)
Jewellery
 e - a ring of ice (left hand)
 l - a cursed ring of loudness
Scrolls
 g - 2 scrolls of enchant weapon
 h - 2 scrolls of identify
 k - 5 scrolls of remove curse
 q - 2 scrolls of teleportation
Potions
 i - 2 potions of degeneration
Books
 b - a book of Changes

   Spells                             Type                      Level
   a - Beastly Appendage              Transmutation                1
   b - Sticks to Snakes               Transmutation                2
   c - Spider Form                    Transmutation/Poison         3
   d - Ice Form                       Ice/Transmutation            4
   e - Blade Hands                    Transmutation                5
Comestibles
 c - 2 bread rations
 d - 3 meat rations
 f - a royal jelly
 j - 2 beef jerkies


   Skills:
 - Level 1.1 Fighting
 - Level 3.0 Dodging
 - Level 3.0 Unarmed Combat
 - Level 2.0 Spellcasting
 + Level 4.0 Transmutations
 - Level 2.2 Poison Magic


You had 2 spell levels left.
You knew the following spells:

 Your Spells              Type           Power        Failure   Level  Hunger
a - Beastly Appendage     Tmut           ##....       6%          1    ##.....
b - Spider Form           Tmut/Pois      #.........   24%         3    ####...
c - Sticks to Snakes      Tmut           ##......     10%         2    ###....


Dungeon Overview and Level Annotations

Branches:
Dungeon (4/15)
 Temple: D:4-7

Altars:
The Shining One


Innate Abilities, Weirdness & Mutations

Your plain brown scales are hard. (AC +5)
You cannot fit into any form of body armour.
You are cold-blooded and may be slowed by cold attacks.
You have a pair of horns on your head.
You are agile. (Dex +2)
Scrolls take you a little longer to read.
You are resistant to hostile enchantments. (MR+)


Message History

The orc is heavily wounded.
The orc barely misses you.
The orc priest mumbles some strange prayers to Beogh against you.
Beogh smites you! The orc closely misses you.
You hit the orc.
The orc is almost dead.
Your transformation is almost over.
The orc hits you with a trident. The orc barely misses you.
You hit the orc.
You kill the orc!
The orc priest looks satisfied for a moment.
You closely miss the orc.
Your tail-slap misses the orc.
You punch the orc, but do no damage. The orc hits you.
The orc priest mumbles some strange prayers to Beogh against you.
Beogh smites you!
* * * LOW HITPOINT WARNING * * *
Okay, then.
You hit the orc but do no damage. Your headbutt misses the orc.
The orc hits you.
You die...

#..# ##..##
....## # .....#
..##.###...#
..........####.#
#...oo$.....#
#####o#######
#@# ........#
#########


You could see an orc priest and 2 orcs.

Vanquished Creatures
  2 orc priests (D:3)
  A gnoll (D:1)
  3 adders (D:3)
  A worm (D:2)
  A leopard gecko (D:1)
  6 orcs
  2 ball pythons
  2 giant cockroaches
  4 goblins
  2 hobgoblins (D:1)
  4 jackals (D:3)
  A quokka (D:1)
  3 bats
  5 frilled lizards
  6 kobolds
  2 rats (D:2)
45 creatures vanquished.

Vanquished Creatures (collateral kills)
  An orc wizard (D:4)
  A worm (D:2)
  A bat (D:2)
  A frilled lizard (D:4)
  A kobold (D:2)
5 creatures vanquished.

Grand Total: 50 creatures vanquished

Notes
Turn   | Place    | Note
-------+----------+-------------------------------------------
     0 | D:1      | Slime the Draconian Transmuter began the quest for the Orb.
     0 | D:1      | Reached XP level 1. HP: 16/16 MP: 3/3
    15 | D:1      | Reached XP level 2. HP: 12/23 MP: 3/5
   804 | D:1      | Reached XP level 3. HP: 19/28 MP: 6/6
   821 | D:1      | Learned a level 3 spell: Spider Form
   825 | D:1      | Learned a level 2 spell: Sticks to Snakes
  1408 | D:2      | Found a glowing golden altar of the Shining One.
  1508 | D:3      | Gained mutation: You are agile. (Dex +2) [potion of mutation]
  1508 | D:3      | Gained mutation: Scrolls take you a little longer to read. [potion of mutation]
  1508 | D:3      | Gained mutation: You are resistant to hostile enchantments. (MR+) [potion of mutation]
  1536 | D:3      | Reached skill level 3 in Transmutations
  1567 | D:3      | Reached skill level 1 in Poison Magic
  1567 | D:3      | Reached XP level 4. HP: 35/35 MP: 5/7
  1720 | D:3      | Reached XP level 5. HP: 28/40 MP: 5/8
  1941 | D:4      | Reached skill level 4 in Transmutations
  1950 | D:4      | Slain by an orc

Skill      XL: |  1  2  3  4  5 |
---------------+----------------+-----
Dodging        | 2 3 |  3.0
Transmutations | 3 4 |  4.0
Poison Magic   | 1 2 |  2.2
Fighting       | |  1.1
Unarmed Combat | |  3.0
Spellcasting   | |  2.0

Action                   |  1- 3 |  4- 6 || total
-------------------------+-------+-------++-------
Melee: Unarmed           |   156 |    54 ||   210
       Headbutt          |     6 |     2 ||     8
       Tailslap          |    18 |     6 ||    24
       Kick              |     4 |     1 ||     5
       Punch             |     1 |     1 ||     2
 Cast: Beastly Appendage |    16 |     4 ||    20
       Sticks to Snakes  |     3 |     3 ||     6
       Spider Form       |       |     1 ||     1
  Use: Scroll            |     6 |     3 ||     9
       Potion            |     7 |     1 ||     8
  Eat: Chunk             |     3 |     1 ||     4
Armor: Skin              |    41 |    11 ||    52
Dodge: Dodged            |   136 |    46 ||   182
